[Event "January 9 Early 2024"]
[Site "https://www.chess.com"]
[Date "2024.01.11"]
[Round "10"]
[White "Pinheiro, Iung Alicio de O."]
[Black "Sahin, Sarp"]
[Result "0-1"]
[Board "159"]
[TimeControl "180+1"]
[WhiteFideId "2104350"]
[BlackFideId "51605066"]
[WhiteElo "2570"]
[BlackElo "2445"]
[WhiteTeam "BRA"]
[BlackTeam "TUR"]
[WhiteClock "0:00:03"]
[BlackClock "0:00:04"]

1. e4 c6 2. d4 d5 3. exd5 cxd5 4. Bd3 Nc6 5. c3 Nf6 6. Bf4 Bg4 7. Qb3 Qd7 8. Nd2 e6 9. Ngf3 Bd6 10. Bxd6 Qxd6 11. O-O O-O 12. Rae1 Bh5 13. Ne5 Nd7 14. f4 f6 15. Nxd7 Qxd7 16. Qc2 f5 17. Nb3 b6 18. Qf2 a5 19. Bb5 Rac8 20. Nc1 Qd6 21. Nd3 Na7 22. a4 Nxb5 23. axb5 Be8 24. Qe3 Bxb5 25. Rf3 Bxd3 26. Qxd3 Rf7 27. g3 g6 28. Rfe3 Re7 29. Qe2 Rc6 30. Qb5 Qc7 31. Re5 Kf7 32. h4 h5 33. Kg2 Rc4 34. R1e3 Qc6 35. Qa6 Ra4 36. Qe2 Ra1 37. Kh3 a4 38. Kh2 Ra2 39. Rxf5+ gxf5 40. Qxh5+ Kg7 41. Qg5+ Kf8 42. Qf6+ Ke8 43. h5 Rxb2+ 44. Kh3 Kd7 45. h6 a3 46. Qg6 Rb1 47. Kh2 Qb5 0-1

[Event "January 9 Early 2024"]
[Site "https://www.chess.com"]
[Date "2024.01.11"]
[Round "10"]
[White "Vargas, Mauricio"]
[Black "Tarnowska, Aleksandra"]
[Result "0-1"]
[Board "160"]
[TimeControl "180+1"]
[WhiteFideId "4404572"]
[BlackFideId "1180967"]
[WhiteElo "1858"]
[BlackElo "2184"]
[WhiteTeam "COL"]
[BlackTeam "POL"]
[WhiteClock "0:00:02"]
[BlackClock "0:00:01"]

1. e4 c5 2. Nc3 e6 3. f4 a6 4. Nf3 b5 5. d3 b4 6. Ne2 Bb7 7. g4 d5 8. e5 d4 9. Bg2 Ne7 10. O-O h5 11. g5 Nf5 12. Ng3 Nxg3 13. hxg3 Qc7 14. Qe1 Be7 15. Bd2 Nd7 16. Rc1 Nb6 17. c3 bxc3 18. bxc3 Qd7 19. cxd4 cxd4 20. Rb1 Nd5 21. Kh2 Rc8 22. Nxd4 Bc5 23. Nb3 Ba7 24. Rc1 Rxc1 25. Qxc1 h4 26. gxh4 Rxh4+ 27. Kg3 Rh8 28. Nc5 Bxc5 29. Qxc5 Qe7 30. Qxe7+ Kxe7 31. Rc1 Kd7 32. Ba5 Bc6 33. a3 Rb8 34. Be4 Rb3 35. Bxd5 Rxd3+ 36. Kg4 exd5 37. Bb4 d4 38. Rc2 Rd1 39. Rd2 Rg1+ 40. Kh3 Rh1+ 41. Kg3 Ke6 42. Rxd4 Kf5 43. Kf2 Rh2+ 44. Ke3 Bb5 0-1

[Event "January 9 Early 2024"]
[Site "https://www.chess.com"]
[Date "2024.01.11"]
[Round "10"]
[White "Souleidis, Georgios"]
[Black "Krishnan, Ritvik"]
[Result "0-1"]
[Board "161"]
[TimeControl "180+1"]
[WhiteFideId "4206827"]
[BlackFideId "45055297"]
[WhiteElo "2613"]
[BlackElo "2516"]
[WhiteTeam "GRE"]
[BlackTeam "IND"]
[WhiteClock "0:00:02"]
[BlackClock "0:00:11"]

1. e4 c5 2. Be2 Nc6 3. d3 e6 4. f4 d5 5. Nf3 Nf6 6. e5 Ng8 7. O-O Nh6 8. c3 d4 9. Na3 Nf5 10. cxd4 cxd4 11. Bd2 Bc5 12. Rc1 Qe7 13. Nc4 O-O 14. Qe1 b5 15. Na5 Nxa5 16. Bxa5 Bb7 17. Bd2 Rac8 18. Kh1 Rfd8 19. Ng1 Ne3 20. Rf2 Qh4 21. Bf3 Ng4 22. Bxg4 Qxg4 23. Qe2 Qg6 24. Nf3 Bb6 25. Rff1 Qh5 26. Ng1 Qf5 27. h3 Bd5 28. b3 a5 29. Kh2 h5 30. Nf3 a4 31. bxa4 bxa4 32. a3 Bb3 33. Rxc8 Rxc8 34. Rc1 Rc2 35. Rxc2 Bxc2 36. Ne1 Bb3 37. Kg3 Bd5 38. Bb4 Bd8 39. Nf3 Qg6+ 40. Kh2 h4 41. Qf2 Qxd3 42. Nxd4 Qe4 43. Nb3 axb3 44. Bc3 Bb6 45. Qf1 Qc2 46. Bb4 Qxg2+ 47. Qxg2 Bxg2 48. Kxg2 b2 0-1

[Event "January 9 Early 2024"]
[Site "https://www.chess.com"]
[Date "2024.01.11"]
[Round "10"]
[White "Adel, Sara"]
[Black "Krivenko, Dion"]
[Result "0-1"]
[Board "162"]
[TimeControl "180+1"]
[WhiteFideId "10616764"]
[BlackFideId "4508378"]
[WhiteElo "2225"]
[BlackElo "2457"]
[WhiteTeam "EGY"]
[BlackTeam "EST"]
[WhiteClock "0:00:22"]
[BlackClock "0:00:06"]

1. e4 c6 2. d4 d5 3. Nc3 a6 4. Nf3 dxe4 5. Nxe4 Nf6 6. Ng3 Bg4 7. c3 e6 8. Bc4 Nbd7 9. Bf4 Be7 10. h3 Nh5 11. Nxh5 Bxh5 12. g4 Bg6 13. O-O h5 14. Ne5 Nxe5 15. Bxe5 hxg4 16. Qxg4 Bf6 17. Bxe6 Bh5 18. Bxf6 Qxf6 19. Bd7+ Kd8 20. Qf5 Qd6 21. Qg5+ Kxd7 22. Rae1 Qf6 23. Qg3 Qg6 24. Re5 Qxg3+ 25. fxg3 Bg6 26. Rfe1 Rae8 27. Kg2 Rxe5 28. dxe5 Ke6 29. Kf3 Rd8 30. Kf4 Rd2 31. g4 Rxb2 32. Rd1 Rf2+ 33. Ke3 Rxa2 34. Kf4 Ra4+ 35. Ke3 Re4+ 36. Kf3 Rxe5 37. h4 Rc5 38. h5 Rxc3+ 39. Kf4 Bc2 40. Re1+ Kd7 41. Kg5 Rc5+ 42. Kh4 a5 43. Rf1 Ke7 44. g5 Rc4+ 45. Kg3 a4 46. h6 gxh6 47. gxh6 a3 48. Rf2 Bg6 49. Ra2 Rc3+ 50. Kg4 b5 51. Kg5 b4 52. Re2+ Kd7 53. Kf6 Rf3+ 54. Kg7 Rh3 55. Rd2+ Kc7 56. Rg2 b3 57. Rxg6 fxg6 58. h7 a2 59. Kg8 a1=Q 60. Kf7 Rxh7+ 0-1

[Event "January 9 Early 2024"]
[Site "https://www.chess.com"]
[Date "2024.01.11"]
[Round "10"]
[White "Balla, Tamas-Kristof"]
[Black "Blokhin, Sofia"]
[Result "1-0"]
[Board "163"]
[TimeControl "180+1"]
[WhiteFideId "1208497"]
[BlackFideId "4508190"]
[WhiteElo "2470"]
[BlackElo "2301"]
[WhiteTeam "ROU"]
[BlackTeam "EST"]
[WhiteClock "0:00:06"]
[BlackClock "0:00:09"]

1. e4 c5 2. c3 e6 3. d4 Nf6 4. e5 Nd5 5. Nf3 cxd4 6. cxd4 d6 7. a3 Nc6 8. Bd3 Be7 9. O-O O-O 10. Qe2 dxe5 11. dxe5 g6 12. Bh6 Re8 13. Nbd2 Bf8 14. Bxf8 Rxf8 15. Be4 Nce7 16. Nc4 Bd7 17. Nd6 Qb6 18. Rfd1 Ba4 19. Rd4 Bd7 20. Qd2 Nc6 21. Qh6 Nxe5 22. Rxd5 Nxf3+ 23. Bxf3 exd5 24. Qf4 Be6 25. a4 a6 26. a5 Qxb2 27. Re1 Rad8 28. h4 Qc3 29. Re3 Qc7 30. h5 Qxd6 31. Qf6 Bf5 32. Qg5 f6 33. Qh4 g5 34. Qg3 Qxg3 35. fxg3 d4 36. Re1 d3 37. Bxb7 d2 38. Rd1 Bc2 39. Rxd2 Rxd2 40. Bxa6 Bd3 41. Bb7 Rd1+ 42. Kh2 Ra1 43. Bd5+ Kg7 44. a6 Bxa6 45. g4 Rd8 46. Bf3 Rd2 47. Kg3 Raa2 48. h6+ Kxh6 49. Be4 Kg7 50. Bf3 Bf1 51. Kh3 Bxg2+ 52. Bxg2 1-0

[Event "January 9 Early 2024"]
[Site "https://www.chess.com"]
[Date "2024.01.11"]
[Round "10"]
[White "Antunez Soler, Luis"]
[Black "Khouri, Ahmed Abbas"]
[Result "1-0"]
[Board "164"]
[TimeControl "180+1"]
[WhiteFideId "3513335"]
[BlackFideId "9301518"]
[WhiteElo "2601"]
[BlackElo "2323"]
[WhiteTeam "CUB"]
[BlackTeam "UAE"]
[WhiteClock "0:00:10"]
[BlackClock "0:00:10"]

1. e4 d5 2. exd5 Qxd5 3. Nc3 Qd6 4. d4 Nf6 5. Nf3 Bg4 6. h3 Bh5 7. g4 Bg6 8. Ne5 Nbd7 9. f4 e6 10. Bg2 c6 11. O-O Be7 12. Be3 Nb6 13. Qf3 Nbd5 14. Bd2 Bxc2 15. g5 Nd7 16. Rac1 Bf5 17. Ne4 Bxe4 18. Qxe4 O-O 19. Bf3 f5 20. gxf6 Rxf6 21. Bg4 Nf8 22. Rce1 Re8 23. Kh1 g6 24. Nc4 Qd7 25. Ne5 Qd6 26. a3 Bd8 27. Rf3 Bb6 28. b4 Ne7 29. Bc3 Nf5 30. Rd3 Rd8 31. Red1 Nd7 32. Kh2 Nf8 33. a4 a6 34. R1d2 Qd5 35. Qe2 Nd7 36. Bf3 Qd6 37. Bg4 Rff8 38. d5 exd5 39. Nxd7 Rxd7 40. Be5 Qe6 41. Qf3 Bc7 42. Re2 Bxe5 43. Rxe5 Qf6 44. Bxf5 gxf5 45. Rd2 Rff7 46. Rg2+ Rg7 47. Rge2 Rge7 48. Qh5 Rxe5 49. fxe5 Re7 50. exf6 Rxe2+ 51. Qxe2 1-0

[Event "January 9 Early 2024"]
[Site "https://www.chess.com"]
[Date "2024.01.11"]
[Round "10"]
[White "Pakleza, Zbigniew"]
[Black "Aradhya, Garg"]
[Result "1-0"]
[Board "165"]
[TimeControl "180+1"]
[WhiteFideId "1119290"]
[BlackFideId "25006746"]
[WhiteElo "2876"]
[BlackElo "2727"]
[WhiteTeam "POL"]
[BlackTeam "IND"]
[WhiteClock "0:00:11"]
[BlackClock "0:00:09"]

1. d4 d5 2. Nf3 Nf6 3. Bf4 c5 4. c3 Nc6 5. Nbd2 cxd4 6. cxd4 Bf5 7. e3 e6 8. Qb3 Qb6 9. Qxb6 axb6 10. Bb5 Nd7 11. Ke2 Na7 12. Bd3 Bxd3+ 13. Kxd3 Be7 14. Rhc1 Nc6 15. a3 f6 16. Bg3 Kf7 17. e4 b5 18. exd5 exd5 19. Nf1 Nb6 20. Ne3 Nc4 21. Rab1 Rhd8 22. h4 Ra4 23. h5 Nxe3 24. fxe3 b4 25. axb4 Nxb4+ 26. Ke2 Nc6 27. Ne1 Re8 28. Kf3 Rb4 29. Nd3 Rb3 30. Rc3 Rb5 31. Ra1 Rd8 32. Bf4 g5 33. Bg3 h6 34. Be1 Ke6 35. g4 f5 36. Bg3 f4 37. exf4 Nxd4+ 38. Kg2 gxf4 39. Re1+ Kf7 40. Bxf4 Rg8 41. Kh3 Bg5 42. Rc7+ Kf6 43. Be5+ Ke6 44. Bxd4+ Kd6 45. Be5+ Ke6 46. Bf4+ Kf6 47. Bxg5+ Rxg5 48. Re2 Rb3 49. Re3 d4 50. Rf3+ Ke6 51. Nf4+ Kd6 52. Rxb3 Kxc7 53. Ne6+ Kc6 54. Nxg5 hxg5 55. h6 1-0

[Event "January 9 Early 2024"]
[Site "https://www.chess.com"]
[Date "2024.01.11"]
[Round "10"]
[White "Samunenkov, Ihor"]
[Black "Trost, Edvin"]
[Result "0-1"]
[Board "166"]
[TimeControl "180+1"]
[WhiteFideId "14187086"]
[BlackFideId "1729519"]
[WhiteElo "2762"]
[BlackElo "2640"]
[WhiteTeam "UKR"]
[BlackTeam "SWE"]
[WhiteClock "0:00:03"]
[BlackClock "0:00:07"]

1. e4 e5 2. Nf3 Nf6 3. Nxe5 d6 4. Nc4 Nxe4 5. Qe2 Qe7 6. Ne3 Nf6 7. b3 Be6 8. Bb2 Nc6 9. d3 g6 10. Nc3 Nd4 11. Qd2 Bg7 12. O-O-O O-O-O 13. Re1 Qd7 14. Ne4 Nd5 15. Nxd5 Bxd5 16. Qa5 Qc6 17. Nc3 Bxg2 18. Bxg2 Qxg2 19. Qxa7 Qxf2 20. Kb1 Qxc2+ 21. Ka1 Qxd3 22. Rc1 Qa6 23. Qxa6 bxa6 24. Nd5 c5 25. b4 Kd7 26. bxc5 dxc5 27. Rxc5 Kd6 28. Rhc1 Rb8 29. Ne3 Rxb2 30. Kxb2 Ne2+ 31. Ka3 Nxc1 32. Rxc1 Rb8 33. Rd1+ Ke6 34. Nc4 Bf8+ 35. Ka4 Rb5 36. Re1+ Kf6 37. Ne3 Kg7 38. Re2 Re5 39. Kb3 Bc5 40. Kc4 Rxe3 41. Rd2 Be7 42. Rd7 Bf6 43. Ra7 Re6 44. Kd5 h5 45. a4 Be5 46. h3 h4 47. Ra8 Bf6 48. Rc8 Re5+ 49. Kc6 Ra5 50. Kb6 Rxa4 51. Rc2 Rb4+ 52. Kxa6 Rb2 0-1

[Event "January 9 Early 2024"]
[Site "https://www.chess.com"]
[Date "2024.01.11"]
[Round "10"]
[White "Saha, Ananda"]
[Black "Ambartsumova, Karina"]
[Result "1-0"]
[Board "167"]
[TimeControl "180+1"]
[WhiteFideId "2619644"]
[BlackFideId "4166299"]
[WhiteElo "2489"]
[BlackElo "2584"]
[WhiteTeam "CAN"]
[BlackTeam "RUS"]
[WhiteClock "0:00:07"]
[BlackClock "0:00:01"]

1. e4 e5 2. Nc3 Nf6 3. g3 d5 4. exd5 Nxd5 5. Bg2 Nb6 6. Nf3 Nc6 7. O-O Be7 8. Re1 f6 9. d3 O-O 10. h3 Bf5 11. Be3 Qd7 12. Kh2 Rad8 13. Qe2 Rfe8 14. Nh4 Be6 15. g4 Bf8 16. Be4 Nd4 17. Bxd4 exd4 18. Nb1 Nd5 19. Nd2 Nf4 20. Qf3 Bd6 21. Kh1 c6 22. Rg1 Bc7 23. Nf5 g6 24. Nh4 Qd6 25. Rg3 Kg7 26. Rag1 Qd7 27. a3 a5 28. Qd1 a4 29. Ndf3 Bd5 30. Bxd5 Qxd5 31. Re1 Ne6 32. Rg2 Nf4 33. Rg3 Kf7 34. Rgg1 Nxh3 35. Rg2 Nf4 36. Rgg1 Qd6 37. Rxe8 Rxe8 38. Re1 Nh3 39. Kg2 Nf4+ 40. Kg1 Ne6 41. Kg2 Qf4 42. Re4 Qd6 43. Qe2 Ng7 44. Rxe8 Nxe8 45. Kf1 Qf4 46. Ng2 Qxg4 47. Ne5+ fxe5 48. Qxg4 Nf6 49. Qc8 Bd6 50. Qxb7+ Ke6 51. Qxc6 Nd5 52. Qc4 g5 53. Ne1 g4 54. c3 dxc3 55. bxc3 h5 56. Nc2 Bxa3 57. Ne3 Bc1 58. Qxd5+ 1-0

[Event "January 9 Early 2024"]
[Site "https://www.chess.com"]
[Date "2024.01.11"]
[Round "10"]
[White "Ovezdurdyyeva, Jemal"]
[Black "Demin, Vladimir"]
[Result "0-1"]
[Board "168"]
[TimeControl "180+1"]
[WhiteFideId "14001888"]
[BlackFideId "4167457"]
[WhiteElo "2462"]
[BlackElo "2584"]
[WhiteTeam "TKM"]
[BlackTeam "RUS"]
[WhiteClock "0:00:14"]
[BlackClock "0:00:02"]

1. e4 e5 2. Nf3 Nc6 3. Bc4 Bc5 4. O-O Nf6 5. Nc3 a6 6. d3 h6 7. h3 d6 8. Qe2 O-O 9. Be3 Be6 10. Bxe6 fxe6 11. Bxc5 dxc5 12. Nd1 Qe8 13. c3 Nh5 14. g3 Rd8 15. Ne3 b5 16. Ng4 Nf6 17. Ngxe5 Ne7 18. d4 Qh5 19. Kg2 Ng6 20. Nxg6 Qxg6 21. Rae1 Nh5 22. Kh2 Qf6 23. Ne5 Qg5 24. Qg4 Qxg4 25. hxg4 Nf6 26. dxc5 Rd2 27. b4 Rxa2 28. Kh3 Rc2 29. Re3 Rd8 30. Nf3 Kf7 31. g5 hxg5 32. Nxg5+ Ke7 33. Nf3 Rh8+ 34. Kg2 Ng4 35. Rd3 e5 36. Nh4 Ke6 37. Nf5 g6 38. Nh4 Rg8 39. Kf3 Nf6 40. Kg2 Nxe4 41. Re3 Nxc3 42. Rfe1 e4 0-1

[Event "January 9 Early 2024"]
[Site "https://www.chess.com"]
[Date "2024.01.11"]
[Round "10"]
[White "Kozak, Antoni"]
[Black "Zemlyanskii, Ivan"]
[Result "0-1"]
[Board "169"]
[TimeControl "180+1"]
[WhiteFideId "21832030"]
[BlackFideId "24249971"]
[WhiteElo "2762"]
[BlackElo "2982"]
[WhiteTeam "POL"]
[BlackTeam "RUS"]
[WhiteClock "0:00:13"]
[BlackClock "0:00:03"]

1. c4 e6 2. Nc3 d5 3. e3 Nf6 4. Nf3 c6 5. b3 Nbd7 6. Bb2 Bd6 7. d4 O-O 8. Be2 b6 9. O-O Bb7 10. Qc2 Re8 11. Rfd1 Qe7 12. a4 a5 13. Bf1 Rac8 14. Rac1 h6 15. h3 Nf8 16. Ne5 Red8 17. Qe2 Ba6 18. Qf3 Bb7 19. Qe2 N8d7 20. f4 Bb4 21. Na2 Ba3 22. Nc3 Bxb2 23. Qxb2 c5 24. Nb5 cxd4 25. exd4 Rf8 26. Na7 Ra8 27. Nb5 Ne4 28. Bd3 Ndf6 29. c5 bxc5 30. Bxe4 Nxe4 31. dxc5 f6 32. Nd3 Rac8 33. Qd4 Rfe8 34. Re1 e5 35. Qb2 d4 36. Qc2 Bc6 37. Qc4+ Kh8 38. b4 axb4 39. Nxb4 Bxb5 40. Qxb5 Rxc5 41. Rxc5 Nxc5 42. fxe5 fxe5 43. Nc6 Qd6 44. a5 d3 45. Kh1 d2 46. Rd1 e4 47. Nd4 Rb8 48. Qc4 e3 49. Nf5 Qe5 50. Nd4 Ne4 51. Nf3 Nf2+ 52. Kg1 Qg3 53. Ra1 d1=Q+ 54. Rxd1 Nxd1 55. a6 Qf2+ 56. Kh2 e2 57. Qc7 Ra8 58. Qe7 Ne3 59. Qe4 Qxg2# 0-1

[Event "January 9 Early 2024"]
[Site "https://www.chess.com"]
[Date "2024.01.11"]
[Round "10"]
[White "Mammadov, Ziya"]
[Black "Yushko, Olga"]
[Result "0-1"]
[Board "170"]
[TimeControl "180+1"]
[WhiteFideId "13418890"]
[BlackFideId "14114500"]
[WhiteElo "1956"]
[BlackElo "2099"]
[WhiteTeam "AZE"]
[BlackTeam "UKR"]
[WhiteClock "0:00:15"]
[BlackClock "0:00:21"]

1. e4 e6 2. d4 d5 3. exd5 exd5 4. c4 Nf6 5. Nc3 Be7 6. Nf3 O-O 7. Be2 Bg4 8. O-O Nc6 9. h3 Bh5 10. Be3 dxc4 11. Bxc4 Bxf3 12. Qxf3 Nxd4 13. Qxb7 Nc2 14. Rfd1 Qb8 15. Qxb8 Raxb8 16. Bxa7 Rxb2 17. Rac1 Ra8 18. Be3 Nxe3 19. fxe3 Bc5 20. Rd3 Re8 21. Re1 Bb4 22. Kh1 Rc2 23. Rb1 Bxc3 24. Bb3 Rb2 25. Rf1 Be5 26. g4 h6 27. Kg1 Re7 28. h4 Nxg4 29. Rxf7 Rxf7 30. Rd8+ Kh7 31. Bxf7 Bf6 32. Be6 Bxd8 33. Bxg4 Bxh4 34. Bf5+ g6 35. Be6 Bf2+ 36. Kg2 Bxe3+ 37. Kf3 Bg5 38. Bb3 Rd2 39. Bc4 c5 40. a4 Rd4 41. Bb5 c4 42. a5 c3 43. a6 Rd8 44. a7 c2 45. Bc6 c1=Q 46. a8=Q Qf4+ 47. Kg2 Rxa8 48. Bxa8 Qd2+ 49. Kf3 Qc3+ 50. Ke4 Qb4+ 51. Kf3 Qa3+ 52. Ke4 Qxa8+ 53. Kd4 Qd8+ 54. Ke5 Qf6+ 55. Ke4 Qf4+ 56. Kd5 h5 57. Ke6 h4 58. Kd5 h3 59. Ke6 h2 60. Kd5 h1=Q+ 61. Ke6 0-1

[Event "January 9 Early 2024"]
[Site "https://www.chess.com"]
[Date "2024.01.11"]
[Round "10"]
[White "De Winter, Arthur"]
[Black "Baules Rodriguez, Jorge Luis"]
[Result "1-0"]
[Board "171"]
[TimeControl "180+1"]
[WhiteFideId "1069020"]
[BlackFideId "6600247"]
[WhiteElo "2781"]
[BlackElo "2564"]
[WhiteTeam "NED"]
[BlackTeam "PAN"]
[WhiteClock "0:00:04"]
[BlackClock "0:00:02"]

1. e4 c5 2. Nf3 d6 3. d4 cxd4 4. Nxd4 Nf6 5. Nc3 g6 6. Be3 Bg7 7. f3 O-O 8. Qd2 Nc6 9. Bc4 Bd7 10. Bb3 Rc8 11. O-O-O Nxd4 12. Bxd4 b5 13. Kb1 a5 14. a3 b4 15. axb4 axb4 16. Na2 Be6 17. Bxe6 fxe6 18. Qxb4 Qc7 19. Qb3 Qd7 20. e5 Rb8 21. exf6 Rxb3 22. fxg7 Ra8 23. cxb3 e5 24. Bc3 Qf5+ 25. Ka1 Qc2 26. Rd5 Qxb3 27. Ra5 Rxa5 28. Bxa5 Qc2 29. Rc1 Qxg2 30. Rc7 Qxf3 31. Nc3 Kxg7 32. Rxe7+ Kf6 33. Rxh7 Qa8 34. b4 d5 35. Rd7 d4 36. Nd5+ Kg5 37. Kb2 Qc6 38. Bd8+ Kh6 39. Nf6 Qc3+ 40. Kb1 Qxb4+ 41. Kc1 Qc3+ 42. Kd1 Qd3+ 43. Ke1 Qe3+ 44. Kd1 Qg1+ 45. Kd2 Qxh2+ 46. Kd3 Qh3+ 47. Kc4 Qc3+ 48. Kd5 Qb3+ 49. Kxe5 Qb5+ 50. Kxd4 Qa4+ 51. Ke5 Qb5+ 52. Ke6 Qc4+ 53. Kd6 Qd4+ 54. Ke7 Qe5+ 55. Kf8 Qf5 56. Rd4 g5 57. Be7 Kg6 58. Rd6 g4 59. Ke8 1-0

[Event "January 9 Early 2024"]
[Site "https://www.chess.com"]
[Date "2024.01.11"]
[Round "10"]
[White "Hnatyshyn, Anastasiia"]
[Black "Huschenbeth, Niclas"]
[Result "1-0"]
[Board "172"]
[TimeControl "180+1"]
[WhiteFideId "14198339"]
[BlackFideId "24604747"]
[WhiteElo "2304"]
[BlackElo "2440"]
[WhiteTeam "UKR"]
[BlackTeam "GER"]
[WhiteClock "0:00:02"]
[BlackClock "0:00:01"]

1. Nc3 d5 2. e4 d4 3. Nce2 e5 4. Nf3 Bd6 5. Ng3 Ne7 6. c3 c5 7. Bb5+ Nbc6 8. O-O O-O 9. d3 a6 10. Bxc6 Nxc6 11. h3 h6 12. Qe2 Be6 13. Bd2 Qd7 14. c4 b5 15. b3 Rab8 16. Rab1 Rb7 17. Ne1 bxc4 18. dxc4 Nb4 19. Bxb4 Rxb4 20. Nd3 Rbb8 21. Qd2 Qc7 22. Rbe1 Rfe8 23. Ne2 a5 24. Nec1 a4 25. Re2 Ra8 26. Qd1 axb3 27. axb3 Ra1 28. Rb2 Rea8 29. Qe2 Be7 30. Ra2 R1xa2 31. Nxa2 Qa5 32. Nac1 Qc3 33. Nxe5 Bg5 34. Ncd3 Be7 35. Nc1 Ra1 36. Ned3 f6 37. f4 Bf7 38. e5 fxe5 39. Qxe5 Bf8 40. f5 Qd2 41. Kh2 Ra8 42. Rf2 Qd1 43. Qe2 Qxe2 44. Rxe2 Bd6+ 45. g3 Kf8 46. Kg2 Ra1 47. Ra2 Rb1 48. Ra8+ Ke7 49. Ra7+ Kf6 50. Ra6 Ke7 51. Ra7+ Kf8 52. Ra6 Be7 53. Ra8+ Be8 54. Ne2 1-0

[Event "January 9 Early 2024"]
[Site "https://www.chess.com"]
[Date "2024.01.11"]
[Round "10"]
[White "Mohammadi, Melika"]
[Black "Ghosh, Chanchal Kumer"]
[Result "0-1"]
[Board "173"]
[TimeControl "180+1"]
[WhiteFideId "42529271"]
[BlackFideId "10201858"]
[WhiteElo "2439"]
[BlackElo "2107"]
[WhiteTeam "IRI"]
[BlackTeam "BAN"]
[WhiteClock "0:00:01"]
[BlackClock "0:00:10"]

1. e4 c5 2. Nf3 d6 3. d4 cxd4 4. Nxd4 Nf6 5. Nc3 a6 6. f3 e5 7. Nb3 Be6 8. Be3 Be7 9. Qd2 Nbd7 10. O-O-O O-O 11. g4 b5 12. g5 Nh5 13. Nd5 Bxd5 14. exd5 Rc8 15. Na5 Nb8 16. Bh3 Nf4 17. Bxc8 Qxc8 18. Bxf4 exf4 19. h4 Bd8 20. Nc6 Nxc6 21. dxc6 Qxc6 22. Qxd6 Qc8 23. Rhe1 Bc7 24. Qc6 Qb8 25. Re7 Bb6 26. Qb7 Be3+ 27. Kb1 Qxb7 28. Rxb7 g6 29. Rbd7 Bf2 30. Rh1 Re8 31. Rd2 Bxh4 32. Rdh2 Bxg5 33. Rxh7 Re3 34. R7h3 Bf6 35. a3 a5 36. Rd1 b4 37. Rd6 Kg7 38. axb4 axb4 39. Rb6 Re1+ 40. Ka2 Re2 41. Rxb4 Rxc2 42. Rh1 g5 43. Rd1 Rf2 44. Rb3 Be5 45. Rd5 f6 46. Rdb5 Kg6 47. Rd3 Kf5 48. Ka3 g4 49. fxg4+ Kxg4 50. b4 Rf1 51. Rb7 f3 52. Rg7+ Kf4 53. b5 f2 54. Rd1 Rxd1 0-1

[Event "January 9 Early 2024"]
[Site "https://www.chess.com"]
[Date "2024.01.11"]
[Round "10"]
[White "Fernandez Garcia, Gumersindo"]
[Black "Kanyamarala, Tarun"]
[Result "1-0"]
[Board "174"]
[TimeControl "180+1"]
[WhiteFideId "24516740"]
[BlackFideId "45004714"]
[WhiteElo "2408"]
[BlackElo "2506"]
[WhiteTeam "ESP"]
[BlackTeam "IRL"]
[WhiteClock "0:00:07"]
[BlackClock "0:00:02"]

1. e4 c5 2. c3 e5 3. Nf3 Nc6 4. d4 cxd4 5. cxd4 exd4 6. Nxd4 Bb4+ 7. Nc3 Nge7 8. Bc4 d5 9. exd5 Nxd5 10. O-O Bxc3 11. bxc3 O-O 12. Nxc6 bxc6 13. Qf3 Be6 14. Rd1 Qf6 15. Bb2 Qxf3 16. gxf3 Nb6 17. Bxe6 fxe6 18. Kg2 Rfd8 19. Ba3 Nc4 20. Bc5 Rd5 21. Bd4 Rad8 22. Re1 c5 23. Be3 Rd3 24. Bxc5 Rxc3 25. Bxa7 Kf7 26. a4 Ra8 27. Bd4 Rd3 28. Re4 Nd6 29. Rf4+ Nf5 30. Bb6 g5 31. Rc4 Nh4+ 32. Kf1 Nxf3 33. a5 Nd2+ 34. Ke2 Nxc4 35. Kxd3 Nxb6 36. Rb1 Nd5 37. Rb5 h6 38. Kd4 Kf6 39. f3 Ne7 40. Kc5 Nd5 41. Kc6 Rc8+ 42. Kb7 Rc7+ 43. Kb8 Rc6 44. Kb7 Ne7 45. a6 Rxa6 46. Kxa6 Nf5 47. Kb6 Nd4 48. Rb1 Nxf3 49. Rf1 g4 50. Kc5 Ke5 51. Rf2 h5 52. Kc4 Ke4 53. Re2+ Kf4 54. Kd3 e5 55. Rf2 e4+ 56. Ke2 e3 57. Rg2 h4 58. Kf1 Nd2+ 59. Ke2 Ne4 60. Rg1 1-0

[Event "January 9 Early 2024"]
[Site "https://www.chess.com"]
[Date "2024.01.11"]
[Round "10"]
[White "Drozdowski, Kacper"]
[Black "Lysyj, Igor"]
[Result "0-1"]
[Board "175"]
[TimeControl "180+1"]
[WhiteFideId "1136720"]
[BlackFideId "4150120"]
[WhiteElo "2959"]
[BlackElo "2869"]
[WhiteTeam "POL"]
[BlackTeam "FID"]
[WhiteClock "0:00:04"]
[BlackClock "0:00:13"]

1. e4 e5 2. Nf3 Nc6 3. Bc4 Bc5 4. c3 Nf6 5. d3 d6 6. Bb3 O-O 7. Nbd2 a5 8. h3 Be6 9. Bc2 d5 10. Nh2 d4 11. a4 Nd7 12. O-O Re8 13. Re1 Ba7 14. Ndf1 Qe7 15. Ng3 Rad8 16. Qf3 Nc5 17. Ng4 Bxg4 18. hxg4 g6 19. g5 Ne6 20. Qg4 dxc3 21. bxc3 Qc5 22. Be3 Qxc3 23. Bxa7 Qxc2 24. Be3 Qxd3 25. Rab1 b6 26. Nf1 Ncd4 27. Nh2 Nc2 28. Qh4 Nxe1 29. Rxe1 Kh8 30. Ng4 Qxe4 31. f3 Qxa4 32. Qh6 Rd1 33. Rxd1 Qxd1+ 34. Kh2 Nf8 35. Bf2 Qd6 36. Bg3 Re6 37. Kh3 Kg8 38. Qh4 a4 39. Nh6+ Kg7 40. Qxa4 f6 41. gxf6+ Rxf6 42. Ng4 Rf5 43. Qe8 Rh5+ 44. Bh4 Qe6 45. Qd8 g5 46. Qxc7+ Kg8 47. g3 gxh4 48. gxh4 Rf5 49. Kg3 Rf7 50. Qc1 Rg7 51. h5 e4 52. h6 Rg6 53. Kf2 exf3 54. Ne3 Rxh6 55. Qc7 Rg6 56. Qf4 Qf6 57. Qc4+ Qe6 58. Qf4 b5 59. Qc7 Qf7 60. Qe5 Rg2+ 61. Nxg2 fxg2+ 62. Kxg2 Qg7+ 0-1

[Event "January 9 Early 2024"]
[Site "https://www.chess.com"]
[Date "2024.01.11"]
[Round "10"]
[White "Franchini, Gabriele"]
[Black "Kraus, Tomas"]
[Result "1-0"]
[Board "176"]
[TimeControl "180+1"]
[WhiteFideId "806790"]
[BlackFideId "331708"]
[WhiteElo "2250"]
[BlackElo "2333"]
[WhiteTeam "ITA"]
[BlackTeam "CZE"]
[WhiteClock "0:00:07"]
[BlackClock "0:00:02"]

1. e4 c5 2. Nc3 e6 3. f4 a6 4. Nf3 Qc7 5. g3 b5 6. Bg2 Bb7 7. d3 d5 8. O-O Be7 9. exd5 exd5 10. d4 Nf6 11. Be3 Ng4 12. Qd2 Nxe3 13. Qxe3 O-O 14. Rad1 cxd4 15. Nxd4 Bc5 16. Kh1 Nd7 17. Nxd5 Qd6 18. Nf5 Bxe3 19. Nxd6 Bxd5 20. Bxd5 Rad8 21. Rfe1 Bc5 22. Nb7 Rc8 23. Nxc5 Nxc5 24. Re7 Ne6 25. Bxe6 fxe6 26. c3 b4 27. Rdd7 Rf6 28. Rxg7+ Kf8 29. Rxh7 Ke8 30. Rb7 bxc3 31. bxc3 e5 32. Rh8+ Rf8 33. Rxf8+ Kxf8 34. fxe5 Rxc3 35. Rb2 Ke7 36. Re2 Ke6 37. Kg2 a5 38. Kh3 a4 39. Kh4 Rc4+ 40. g4 Rb4 41. Re3 Rb2 42. Ra3 Rxh2+ 43. Kg5 Kxe5 44. Rxa4 Rf2 45. Ra5+ Ke6 46. a4 Rb2 47. Ra6+ Ke5 48. Ra5+ Ke6 49. Kg6 Rb4 50. g5 Rb6 51. Kg7 Ke7 52. Re5+ Kd6 53. Re4 Kd7 54. g6 Rb7 55. Kh8 Kd8 56. g7 Rxg7 57. Kxg7 Kc7 58. Rb4 1-0

[Event "January 9 Early 2024"]
[Site "https://www.chess.com"]
[Date "2024.01.11"]
[Round "10"]
[White "Seo, Jung Min"]
[Black "Korchmar, Vasiliy"]
[Result "1-0"]
[Board "177"]
[TimeControl "180+1"]
[WhiteFideId "1734687"]
[BlackFideId "24131750"]
[WhiteElo "2852"]
[BlackElo "2718"]
[WhiteTeam "SWE"]
[BlackTeam "RUS"]
[WhiteClock "0:00:06"]
[BlackClock "0:00:01"]

1. c4 e6 2. Nc3 d5 3. d4 Nf6 4. cxd5 exd5 5. Bg5 Be7 6. e3 Nbd7 7. Bd3 Nf8 8. Qc2 Ne6 9. Bh4 g6 10. Nge2 O-O 11. O-O Re8 12. f3 c5 13. Qd2 a6 14. dxc5 Nxc5 15. Bc2 b5 16. Rad1 Bb7 17. Bf2 Rc8 18. Nd4 Bf8 19. Rfe1 Bh6 20. Nce2 Qb6 21. Nf4 Rcd8 22. h4 b4 23. Bb1 a5 24. Rc1 Ba6 25. g4 Bg7 26. g5 Nfd7 27. Nxd5 Qb7 28. e4 Ne6 29. Kg2 Ne5 30. b3 Qa8 31. Rcd1 Bb7 32. Nb5 Bxd5 33. exd5 Rxd5 34. Nd4 Rxd4 35. Bxd4 Qxf3+ 36. Kg1 Nf4 37. Bxe5 Bxe5 38. Rxe5 Nh3+ 39. Kh2 Rxe5 40. Qd8+ Kg7 41. Qf6+ Qxf6 42. gxf6+ Kxf6 43. Kxh3 Re3+ 44. Kg2 Re2+ 45. Kg3 h6 46. Rf1+ Kg7 47. Rf2 Re1 48. Bd3 f5 49. h5 Rd1 50. Rf3 gxh5 51. Bxf5 Rd2 52. Rf2 Rd5 53. Be4 Rd4 54. Kf4 Rd1 55. Ke5 h4 56. Rh2 Ra1 57. Bf5 h5 58. Rxh4 1-0